Philadelphia Phantoms vs Rock Island Raccoons
Created - Tuesday, December 10, 2024 at 07:17
Goals
|
| Philadelphia Phantoms |
1 |
1 |
2 |
0 |
1 |
4 |
| Rock Island Raccoons |
2 |
0 |
2 |
0 |
2 |
5 |
|
Shots
|
| Philadelphia Phantoms |
3 |
17 |
24 |
3 |
7 |
47 |
| Rock Island Raccoons |
10 |
11 |
20 |
0 |
7 |
41 |
|
1st period
1. Rock Island Raccoons , Ryan Carpenter 53 (Phillip Di Giuseppe 49, Kyle Burroughs 33) at 3:38
2. Rock Island Raccoons , Phillip Di Giuseppe 39 (Ryan Carpenter 79) at 6:53 (PP)
3. Philadelphia Phantoms , James Malatesta 40 (Louis Crevier 15) at 10:13
Penalties :
Adam Klapka (PHP) for Slashing (Minor) at 6:02, Tyler Motte (RIR) for Fighting (Major) at 13:21, Adam Klapka (PHP) for Fighting (Major) at 13:21, Adam Klapka (PHP) for instigated a fight (Minor) at 13:21, Adam Klapka (PHP) for instigated a fight (10 Minutes Misconduct) at 13:21
2nd period
4. Philadelphia Phantoms , Luca Del Bel Belluz 10 (Nick Blankenburg 30, William Borgen 34) at 12:17
Penalties :
William Borgen (PHP) for Boarding (Minor) at 6:42, Jack McBain (PHP) for Tripping (Minor) at 17:05
3rd period
5. Rock Island Raccoons , Craig Smith 61 (Jujhar Khaira 81, Jake Walman 40) at 0:53
6. Rock Island Raccoons , Tyler Motte 48 (Jujhar Khaira 82, Kyle Burroughs 34) at 12:52
7. Philadelphia Phantoms , Jaret Anderson-Dolan 28 (William Borgen 35, Brandon Duhaime 30) at 15:34
8. Philadelphia Phantoms , Nick Blankenburg 11 (Marcus Bjork 20, Egor Afanasyev 59) at 19:57
Penalties :
Egor Afanasyev (PHP) for Roughing (Minor) at 1:29, Craig Smith (RIR) for High sticking (Minor) at 7:49, Filip Chytil (RIR) for Fighting (Major) at 12:35, Pontus Holmberg (PHP) for Fighting (Major) at 12:35, Darren Helm (RIR) for Fighting (Major) at 12:53, Marcus Bjork (PHP) for Fighting (Major) at 12:53, Ryan Carpenter (RIR) for Fighting (Major) at 13:03, Tyler Kleven (PHP) for Fighting (Major) at 13:03
Overtime #1
No Goal
Penalties :
No Penalty
Shootout
Philadelphia Phantoms, Egor Afanasyev - Goal!
Rock Island Raccoons, Craig Smith - Shot Hit the Post
Philadelphia Phantoms, Alex Steeves - Shot Misses the Net
Rock Island Raccoons, Tyler Motte - Stopped by Jake Allen
Philadelphia Phantoms, Juuso Parssinen - Stopped by Ilya Samsonov
Rock Island Raccoons, Jujhar Khaira - Goal!
Philadelphia Phantoms, Brett Murray - Shot Misses the Net
Rock Island Raccoons, Ryan Carpenter - Stopped by Jake Allen
Philadelphia Phantoms, Luca Del Bel Belluz - Stopped by Ilya Samsonov
Rock Island Raccoons, Phillip Di Giuseppe - Stopped by Jake Allen
Philadelphia Phantoms, Adam Klapka - Stopped by Ilya Samsonov
Rock Island Raccoons, Erik Gustafsson - Stopped by Jake Allen
Philadelphia Phantoms, Marcus Bjork - Stopped by Ilya Samsonov
Rock Island Raccoons, Darren Helm - Goal!
Penalties :
No Penalty
Goalie Stats
Jake Allen (PHP), 37 saves from 41 shots - (0.902), OTL, 25-10-2, 64:03 minutes
Ilya Samsonov (RIR), 43 saves from 47 shots - (0.915), W, 11-0-1, 65:00 minutes
Players Stats for Philadelphia Phantoms
Player Name G A P +/- PIM S H SB GA TA FO MP PP MP PK MP
------------------------------------------------------------------------------------
Adam Klapka 0 0 0 1 19 1 0 2 1 1 6/9 11:35 0:00 1:50
Alex Steeves 0 0 0 -2 0 1 0 1 0 1 0/0 12:34 1:00 0:00
Brandon Duhaime 0 1 1 1 0 2 3 1 1 0 0/0 16:31 0:00 4:13
Brett Murray 0 0 0 -1 0 2 4 0 0 0 0/1 15:38 0:00 0:32
Egor Afanasyev 0 1 1 -1 2 3 0 2 1 0 9/18 18:48 1:00 2:58
Jack McBain 0 0 0 -1 2 3 3 1 0 0 11/26 19:31 0:59 3:59
James Malatesta 1 0 1 3 0 6 1 0 1 0 0/0 14:00 0:59 0:00
Jaret Anderson-Dolan 1 0 1 1 0 3 2 0 0 0 0/0 12:16 0:00 0:00
Juuso Parssinen 0 0 0 -1 0 3 1 0 0 0 0/1 16:46 1:00 0:00
Louis Crevier 0 1 1 1 0 1 1 1 0 1 0/0 16:06 0:00 0:00
Luca Del Bel Belluz 1 0 1 2 0 3 1 0 0 0 7/14 11:52 0:00 0:00
Marcus Bjork 0 1 1 1 5 1 1 2 0 2 0/0 24:34 1:04 5:00
Nick Blankenburg 1 1 2 -1 0 3 3 2 0 2 0/0 24:35 0:55 3:47
Pontus Holmberg 0 0 0 2 5 7 1 0 0 0 2/3 16:58 0:00 4:02
Ryan Johnson 0 0 0 1 0 2 0 3 0 3 0/0 26:22 1:04 5:00
Tye Kartye 0 0 0 -1 0 4 1 1 0 1 0/2 14:17 0:59 0:00
Tyler Kleven 0 0 0 1 5 0 2 0 1 1 0/0 14:47 0:00 0:44
William Borgen 0 2 2 -1 2 2 2 2 0 1 0/0 23:55 0:55 3:03
Players Stats for Rock Island Raccoons
Player Name G A P +/- PIM S H SB GA TA FO MP PP MP PK MP
------------------------------------------------------------------------------------
Brandon Coe 0 0 0 0 0 1 0 0 0 0 0/0 9:41 0:00 0:00
Craig Smith 1 0 1 1 2 3 2 0 2 0 2/3 20:26 4:12 0:00
Darren Helm 0 0 0 1 5 1 3 0 1 0 1/1 16:51 4:16 0:00
Eric Robinson 0 0 0 -3 0 2 2 1 0 1 1/1 14:25 0:55 0:09
Erik Gustafsson 0 0 0 -2 0 3 1 1 2 0 0/0 24:01 4:04 0:52
Filip Chytil 0 0 0 0 5 1 2 0 0 0 1/3 9:08 0:00 0:00
Gustav Lindstrom 0 0 0 -2 0 2 1 0 0 0 0/0 24:01 4:04 0:52
Jake Walman 0 1 1 2 0 1 1 5 2 1 0/0 28:24 4:43 1:07
Jan Mysak 0 0 0 0 0 0 1 0 0 0 1/1 9:41 0:00 0:00
Jujhar Khaira 0 2 2 1 0 4 2 1 2 0 12/25 21:30 4:12 0:48
Karl Henriksson 0 0 0 -1 0 2 0 1 0 0 8/11 14:06 0:35 0:20
Kyle Burroughs 0 2 2 2 0 2 0 9 1 1 0/0 28:24 4:43 1:07
Logan Stanley 0 0 0 -1 0 3 1 4 0 0 0/0 12:35 0:00 0:00
Martin Chromiak 0 0 0 -3 0 2 0 0 0 0 1/1 13:40 0:15 0:51
Matthew Robertson 0 0 0 -1 0 1 0 3 0 1 0/0 12:35 0:00 0:00
Phillip Di Giuseppe 1 1 2 0 0 2 0 0 0 0 0/0 18:32 4:20 0:00
Ryan Carpenter 1 1 2 0 5 4 1 1 2 1 12/27 19:58 4:16 0:48
Tyler Motte 1 0 1 1 5 7 5 0 1 0 0/1 19:58 3:20 1:02
3 Stars
1 - Kyle Burroughs (RIR)
2 - James Malatesta (PHP)
3 - Jujhar Khaira (RIR)
Power Play
Philadelphia Phantoms - 0 on 1 Attempt(s) - 0.00%
Rock Island Raccoons - 1 on 5 Attempt(s) - 20.00%
Penalty Kill
Philadelphia Phantoms - 4 on 5 Attempt(s) - 80.00%
- Score 0 goal in Penalty Kill
Rock Island Raccoons - 1 on 1 Attempt(s) - 100.00%
- Score 0 goal in Penalty Kill
Team Stat
Philadelphia Phantoms - Hits : 26 - Faceoff Wins : 35 - Blocked Shots : 18 - Penalty Minutes : 40
Rock Island Raccoons - Hits : 22 - Faceoff Wins : 39 - Blocked Shots : 26 - Penalty Minutes : 22
Official
Referees : Reid Anderson and Tj Luxmore
Linesman : Matt MacPherson and CJ Murray
Game Notes
Tyler Motte and Adam Klapka fight to a draw at 13:21 of 1st period
Filip Chytil beats up Pontus Holmberg at 12:35 of 3rd period
Darren Helm and Marcus Bjork fight to a draw at 12:53 of 3rd period
Ryan Carpenter and Tyler Kleven fight to a draw at 13:03 of 3rd period
Philadelphia Phantoms
5 vs 5 Forward
Center Left Wing Right Wing Time % Phy DF OF
1 Egor Afanasyev Juuso Parssinen Alex Steeves 25 0 1 4
2 Jack McBain Tye Kartye Brett Murray 25 0 2 3
3 Luca Del Bel Belluz James Malatesta Pontus Holmberg 25 0 2 3
4 Adam Klapka Brandon Duhaime Jaret Anderson-Dolan 25 0 1 4
5 vs 5 Defense
Defense Defense Time % Phy DF OF
1 William Borgen Nick Blankenburg 35 0 3 2
2 Ryan Johnson Marcus Bjork 35 0 3 2
3 Tyler Kleven Louis Crevier 30 0 3 2
4 William Borgen Nick Blankenburg 0 0 3 2
PowerPlay Forward
Center Left Wing Right Wing Time % Phy DF OF
1 Egor Afanasyev Juuso Parssinen Alex Steeves 50 0 0 5
2 Jack McBain James Malatesta Tye Kartye 50 0 0 5
PowerPlay Defense
Defense Defense Time % Phy DF OF
1 William Borgen Nick Blankenburg 50 0 1 4
2 Ryan Johnson Marcus Bjork 50 0 1 4
Penalty Kill 4 Players Forward
Center Wing Time % Phy DF OF
1 Jack McBain Pontus Holmberg 50 0 5 0
2 Adam Klapka Brandon Duhaime 50 0 5 0
Penalty Kill 4 Players Defense
Defense Defense Time % Phy DF OF
1 William Borgen Nick Blankenburg 50 0 5 0
2 Ryan Johnson Marcus Bjork 50 0 5 0
Penalty Kill - 3 Players Forward
Forward Time % Phy DF OF
1 Jack McBain 50 0 5 0
2 Pontus Holmberg 50 0 5 0
Penalty Kill - 3 Players Defense
Defense Defense Time % Phy DF OF
1 William Borgen Nick Blankenburg 50 0 5 0
2 Ryan Johnson Marcus Bjork 50 0 5 0
4 vs 4 Forward
Center Wing Time % Phy DF OF
1 Egor Afanasyev Juuso Parssinen 50 0 1 4
2 Jack McBain Tye Kartye 50 0 2 3
4 vs 4 Defense
Defense Defense Time % Phy DF OF
1 William Borgen Nick Blankenburg 50 0 3 2
2 Ryan Johnson Marcus Bjork 50 0 3 2
Last Minutes Offensive
Center Left Wing Right Wing Defense Defense
Egor Afanasyev Juuso Parssinen James Malatesta William Borgen Nick Blankenburg
Last Minutes Defensive
Center Left Wing Right Wing Defense Defense
Jack McBain Pontus Holmberg Brandon Duhaime William Borgen Nick Blankenburg
Goaltenders
Starting : Jake Allen
Backup : Spencer Martin
Extra Forwards
Normal : Brett Murray, Juuso Parssinen, Pontus Holmberg - PP : Brett Murray, Juuso Parssinen - PK : Jack McBain
Extra Defensemen
Normal : Tyler Kleven, William Borgen, Marcus Bjork - PP : Tyler Kleven - PK : William Borgen, Marcus Bjork
Penalty Shots
Egor Afanasyev, Alex Steeves, Juuso Parssinen, Brett Murray, Luca Del Bel Belluz
Scratches
Nils Aman (Healthy), Filip Cederqvist (Healthy), Tyrel Bauer (Healthy), Matthew Seminoff (Healthy), Ryan Hofer (Healthy)
Josh Lopina (Healthy), Dennis Hildeby (Healthy)
Rock Island Raccoons
5 vs 5 Forward
Center Left Wing Right Wing Time % Phy DF OF
1 Jujhar Khaira Tyler Motte Craig Smith 30 1 2 2
2 Ryan Carpenter Phillip Di Giuseppe Darren Helm 30 1 2 2
3 Karl Henriksson Eric Robinson Martin Chromiak 25 1 2 2
4 Filip Chytil Jan Mysak Brandon Coe 15 1 2 2
5 vs 5 Defense
Defense Defense Time % Phy DF OF
1 Jake Walman Kyle Burroughs 30 1 2 2
2 Erik Gustafsson Gustav Lindstrom 30 1 2 2
3 Logan Stanley Matthew Robertson 25 1 2 2
4 Jake Walman Kyle Burroughs 15 1 2 2
PowerPlay Forward
Center Left Wing Right Wing Time % Phy DF OF
1 Jujhar Khaira Tyler Motte Craig Smith 50 1 2 2
2 Ryan Carpenter Phillip Di Giuseppe Darren Helm 50 1 2 2
PowerPlay Defense
Defense Defense Time % Phy DF OF
1 Jake Walman Kyle Burroughs 50 1 2 2
2 Erik Gustafsson Gustav Lindstrom 50 1 2 2
Penalty Kill 4 Players Forward
Center Wing Time % Phy DF OF
1 Craig Smith Tyler Motte 50 1 2 2
2 Jujhar Khaira Ryan Carpenter 50 1 2 2
Penalty Kill 4 Players Defense
Defense Defense Time % Phy DF OF
1 Jake Walman Kyle Burroughs 50 1 2 2
2 Erik Gustafsson Gustav Lindstrom 50 1 2 2
Penalty Kill - 3 Players Forward
Forward Time % Phy DF OF
1 Craig Smith 50 1 2 2
2 Tyler Motte 50 1 2 2
Penalty Kill - 3 Players Defense
Defense Defense Time % Phy DF OF
1 Jake Walman Kyle Burroughs 50 1 2 2
2 Erik Gustafsson Gustav Lindstrom 50 1 2 2
4 vs 4 Forward
Center Wing Time % Phy DF OF
1 Craig Smith Tyler Motte 50 1 2 2
2 Jujhar Khaira Ryan Carpenter 50 1 2 2
4 vs 4 Defense
Defense Defense Time % Phy DF OF
1 Jake Walman Kyle Burroughs 50 1 2 2
2 Erik Gustafsson Gustav Lindstrom 50 1 2 2
Last Minutes Offensive
Center Left Wing Right Wing Defense Defense
Jujhar Khaira Tyler Motte Craig Smith Jake Walman Kyle Burroughs
Last Minutes Defensive
Center Left Wing Right Wing Defense Defense
Jujhar Khaira Tyler Motte Craig Smith Jake Walman Kyle Burroughs
Goaltenders
Starting : Ilya Samsonov
Backup : Alex Lyon
Extra Forwards
Normal : Eric Robinson, Karl Henriksson, Martin Chromiak - PP : Eric Robinson, Karl Henriksson - PK : Martin Chromiak
Extra Defensemen
Normal : Logan Stanley, Matthew Robertson, Erik Gustafsson - PP : Logan Stanley - PK : Matthew Robertson, Erik Gustafsson
Penalty Shots
Craig Smith, Tyler Motte, Jujhar Khaira, Ryan Carpenter, Phillip Di Giuseppe
Scratches
Ronan Seeley (Healthy), Henrik Rybinski (Healthy), Donovan Sebrango (Healthy), Casey DeSmith (Healthy)
% Time on Ice - Philadelphia Phantoms
Lines # - Real PCT - Wanted PCT - Time Play
Normal Forward
1 - 26% - 25% - 12:22
2 - 24% - 25% - 11:45
3 - 24% - 25% - 11:47
4 - 25% - 25% - 12:16
Normal Defense
1 - 32% - 35% - 15:34
2 - 36% - 35% - 17:33
3 - 31% - 30% - 15:03
4 - 0% - 0% - 0:00
PP Forward
1 - 50% - 50% - 1:00
2 - 50% - 50% - 0:59
PP Defense
1 - 46% - 50% - 0:55
2 - 54% - 50% - 1:04
PK Forward
1 - 46% - 50% - 4:02
2 - 54% - 50% - 4:45
PK Defense
1 - 48% - 50% - 4:12
2 - 52% - 50% - 4:35
PK3 Forward
1 - 0% - 50%
2 - 0% - 50%
PK3 Defense
1 - 0% - 50%
2 - 0% - 50%
44 Forward
1 - 50% - 50% - 2:30
2 - 50% - 50% - 2:30
44 Defense
1 - 44% - 50% - 2:13
2 - 56% - 50% - 2:47
Last Minute Offensive - 1:04
Last Minute Defensive - 0:00
Total
Forward - 65:00
Defense - 65:00
|
% Time on Ice - Rock Island Raccoons
Lines # - Real PCT - Wanted PCT - Time Play
Normal Forward
1 - 30% - 30% - 14:28
2 - 29% - 30% - 14:12
3 - 20% - 25% - 9:50
4 - 20% - 15% - 9:41
Normal Defense
1 - 30% - 30% - 14:39
2 - 32% - 30% - 15:36
3 - 25% - 25% - 12:17
4 - 12% - 15% - 5:39
PP Forward
1 - 51% - 50% - 4:27
2 - 49% - 50% - 4:20
PP Defense
1 - 54% - 50% - 4:43
2 - 46% - 50% - 4:04
PK Forward
1 - 60% - 50% - 1:11
2 - 40% - 50% - 0:48
PK Defense
1 - 56% - 50% - 1:07
2 - 44% - 50% - 0:52
PK3 Forward
1 - 0% - 50%
2 - 0% - 50%
PK3 Defense
1 - 0% - 50%
2 - 0% - 50%
44 Forward
1 - 49% - 50% - 2:28
2 - 51% - 50% - 2:32
44 Defense
1 - 47% - 50% - 2:20
2 - 53% - 50% - 2:40
Last Minute Offensive - 0:00
Last Minute Defensive - 1:03
Total
Forward - 65:00
Defense - 65:00
|
Play-by-Play
1st period
0:01 of 1st period - Jujhar Khaira wins face-off versus Egor Afanasyev in neutral zone.
0:28 of 1st period - Darren Helm is hit by Jack McBain and loses puck.
0:49 of 1st period - Wrist shot by Erik Gustafsson.
0:49 of 1st period - Stopped by Jake Allen with a rebound.
1:17 of 1st period - Snap shot by Martin Chromiak.
1:17 of 1st period - Shot Misses the Net.
1:19 of 1st period - Slapshot by Karl Henriksson.
1:19 of 1st period - Shot Blocked by Adam Klapka.
2:14 of 1st period - Slapshot by Eric Robinson.
2:14 of 1st period - Shot Misses the Net.
2:38 of 1st period - Snap shot by Phillip Di Giuseppe.
2:38 of 1st period - Stopped by Jake Allen with a rebound.
3:38 of 1st period - Snap shot by Ryan Carpenter.
3:38 of 1st period - Goal by Ryan Carpenter - Philadelphia Phantoms : 0 - Rock Island Raccoons : 1.
3:39 of 1st period - Pontus Holmberg wins face-off versus Jujhar Khaira in neutral zone.
4:06 of 1st period - Egor Afanasyev is hit by Darren Helm and loses puck.
4:31 of 1st period - Snap shot by Jake Walman.
4:31 of 1st period - Shot Blocked by Marcus Bjork.
4:33 of 1st period - Slapshot by Logan Stanley.
4:33 of 1st period - Stopped by Jake Allen with a rebound.
4:35 of 1st period - Slapshot by Logan Stanley.
4:35 of 1st period - Deflect By Eric Robinson.
4:35 of 1st period - Stopped by Jake Allen with a rebound.
4:37 of 1st period - Slapshot by Karl Henriksson.
4:37 of 1st period - Stopped by Jake Allen with a rebound.
4:39 of 1st period - Wrist shot by Eric Robinson.
4:39 of 1st period - Shot Blocked by Ryan Johnson.
5:17 of 1st period - Ryan Johnson is hit by Tyler Motte and loses puck.
6:02 of 1st period - Minor Penalty to Adam Klapka for Slashing.
6:03 of 1st period - Jujhar Khaira wins face-off versus Jack McBain in Philadelphia Phantoms zone.
6:09 of 1st period - Wrist shot by Craig Smith.
6:09 of 1st period - Shot Misses the Net.
6:11 of 1st period - Wrist shot by Jujhar Khaira.
6:11 of 1st period - Stopped by Jake Allen without a rebound.
6:12 of 1st period - Jack McBain wins face-off versus Jujhar Khaira in Philadelphia Phantoms zone.
6:49 of 1st period - Wrist shot by Ryan Carpenter.
6:49 of 1st period - Stopped by Jake Allen without a rebound.
6:50 of 1st period - Ryan Carpenter wins face-off versus Egor Afanasyev in Philadelphia Phantoms zone.
6:53 of 1st period - Slapshot by Phillip Di Giuseppe.
6:53 of 1st period - Goal by Phillip Di Giuseppe - Philadelphia Phantoms : 0 - Rock Island Raccoons : 2.
6:54 of 1st period - Jack McBain wins face-off versus Ryan Carpenter in neutral zone.
6:57 of 1st period - Snap shot by Jack McBain.
6:57 of 1st period - Shot Blocked by Kyle Burroughs.
7:19 of 1st period - Tyler Motte is hit by Luca Del Bel Belluz and loses puck.
7:43 of 1st period - Snap shot by Juuso Parssinen.
7:43 of 1st period - Shot Misses the Net.
7:49 of 1st period - Wrist shot by Egor Afanasyev.
7:49 of 1st period - Shot Blocked by Karl Henriksson.
7:51 of 1st period - Snap shot by Egor Afanasyev.
7:51 of 1st period - Shot Blocked by Erik Gustafsson.
8:21 of 1st period - Icing by Adam Klapka.
8:22 of 1st period - Jack McBain wins face-off versus Ryan Carpenter in Philadelphia Phantoms zone.
9:07 of 1st period - Jake Walman is hit by Brandon Duhaime and loses puck.
9:18 of 1st period - Slapshot by Eric Robinson.
9:18 of 1st period - Deflect By William Borgen.
9:18 of 1st period - Shot Blocked by William Borgen.
9:18 of 1st period - Puck is out of play.
9:19 of 1st period - Egor Afanasyev wins face-off versus Ryan Carpenter in Philadelphia Phantoms zone.
9:23 of 1st period - Off-side.
9:24 of 1st period - Ryan Carpenter wins face-off versus Egor Afanasyev in neutral zone.
9:53 of 1st period - Icing by Brett Murray.
9:54 of 1st period - Jack McBain wins face-off versus Jujhar Khaira in Philadelphia Phantoms zone.
10:05 of 1st period - Snap shot by Tye Kartye.
10:05 of 1st period - Shot Misses the Net.
10:07 of 1st period - Slapshot by Tye Kartye.
10:07 of 1st period - Stopped by Ilya Samsonov without a rebound.
10:08 of 1st period - Karl Henriksson wins face-off versus Luca Del Bel Belluz in Rock Island Raccoons zone.
10:13 of 1st period - Snap shot by James Malatesta.
10:13 of 1st period - Goal by James Malatesta - Philadelphia Phantoms : 1 - Rock Island Raccoons : 2.
10:14 of 1st period - Karl Henriksson wins face-off versus Luca Del Bel Belluz in neutral zone.
10:39 of 1st period - Jake Walman is hit by Juuso Parssinen and loses puck.
11:04 of 1st period - Slapshot by Phillip Di Giuseppe.
11:04 of 1st period - Deflect By Ryan Carpenter.
11:04 of 1st period - Deflect By Louis Crevier.
11:04 of 1st period - Stopped by Jake Allen with a rebound.
11:26 of 1st period - Snap shot by Jack McBain.
11:26 of 1st period - Shot Misses the Net.
11:28 of 1st period - Wrist shot by Tye Kartye.
11:28 of 1st period - Deflect By Jack McBain.
11:28 of 1st period - Shot Misses the Net.
11:28 of 1st period - Puck is out of play.
11:29 of 1st period - Jack McBain wins face-off versus Karl Henriksson in Rock Island Raccoons zone.
11:30 of 1st period - Snap shot by Tye Kartye.
11:30 of 1st period - Shot Blocked by Jake Walman.
11:40 of 1st period - Jack McBain is hit by Eric Robinson and loses puck.
11:55 of 1st period - Pontus Holmberg is hit by Tyler Motte and loses puck.
13:21 of 1st period - Tyler Motte and Adam Klapka fight to a draw.
13:21 of 1st period - Penalty to Tyler Motte for Fighting.
13:21 of 1st period - Penalty to Adam Klapka for Fighting.
13:21 of 1st period - Penalty to Adam Klapka for instigated a fight.
13:21 of 1st period - Penalty to Adam Klapka for instigated a fight.
13:22 of 1st period - Jack McBain wins face-off versus Ryan Carpenter in Philadelphia Phantoms zone.
13:29 of 1st period - Snap shot by Jack McBain.
13:29 of 1st period - Shot Blocked by Kyle Burroughs.
13:31 of 1st period - Wrist shot by Jack McBain.
13:31 of 1st period - Shot Blocked by Kyle Burroughs.
13:33 of 1st period - Snap shot by Pontus Holmberg.
13:33 of 1st period - Shot Misses the Net.
13:35 of 1st period - Slapshot by Pontus Holmberg.
13:35 of 1st period - Shot Misses the Net.
15:08 of 1st period - Karl Henriksson is hit by Nick Blankenburg and loses puck.
15:21 of 1st period - Penalty to Adam Klapka is over, Alex Steeves is send on ice.
15:29 of 1st period - Wrist shot by James Malatesta.
15:29 of 1st period - Deflect By Pontus Holmberg.
15:29 of 1st period - Stopped by Ilya Samsonov with a rebound.
15:45 of 1st period - Jake Walman is hit by Tyler Kleven and loses puck.
16:20 of 1st period - Slapshot by Tye Kartye.
16:20 of 1st period - Shot Blocked by Matthew Robertson.
17:01 of 1st period - Juuso Parssinen is hit by Craig Smith and loses puck.
17:32 of 1st period - Filip Chytil is hit by Brandon Duhaime and loses puck.
19:10 of 1st period - Filip Chytil is hit by Jaret Anderson-Dolan and loses puck.
19:39 of 1st period - Wrist shot by Ryan Carpenter.
19:39 of 1st period - Shot Misses the Net.
19:53 of 1st period - James Malatesta is hit by Tyler Motte and loses puck.
Goals for this period are 1 for Philadelphia Phantoms vs 2 for Rock Island Raccoons.
Shots for this period are 3 for Philadelphia Phantoms vs 10 for Rock Island Raccoons.
2nd period
0:01 of 2nd period - Jack McBain wins face-off versus Ryan Carpenter in neutral zone.
0:04 of 2nd period - Backhand shot by Jack McBain.
0:04 of 2nd period - Stopped by Ilya Samsonov with a rebound.
0:06 of 2nd period - Wrist shot by Tye Kartye.
0:06 of 2nd period - Shot Blocked by Kyle Burroughs.
0:08 of 2nd period - Wrist shot by Jack McBain.
0:08 of 2nd period - Deflect By Tye Kartye.
0:08 of 2nd period - Shot Blocked by Kyle Burroughs.
0:08 of 2nd period - Puck is out of play.
0:09 of 2nd period - Ryan Carpenter wins face-off versus Jack McBain in Rock Island Raccoons zone.
0:09 of 2nd period - Ryan Carpenter is hit by Brett Murray.
0:24 of 2nd period - Jake Walman is hit by Nick Blankenburg and loses puck.
0:39 of 2nd period - Snap shot by Jack McBain.
0:39 of 2nd period - Shot Misses the Net.
0:41 of 2nd period - Wrist shot by Brett Murray.
0:41 of 2nd period - Shot Misses the Net.
0:43 of 2nd period - Slapshot by Nick Blankenburg.
0:43 of 2nd period - Shot Misses the Net.
0:45 of 2nd period - Snap shot by Brett Murray.
0:45 of 2nd period - Stopped by Ilya Samsonov without a rebound.
0:46 of 2nd period - Jujhar Khaira wins face-off versus Egor Afanasyev in Rock Island Raccoons zone.
0:51 of 2nd period - Snap shot by Tyler Motte.
0:51 of 2nd period - Shot Blocked by Ryan Johnson.
0:53 of 2nd period - Slapshot by Matthew Robertson.
0:53 of 2nd period - Deflect By Alex Steeves.
0:53 of 2nd period - Stopped by Jake Allen with a rebound.
0:55 of 2nd period - Snap shot by Jujhar Khaira.
0:55 of 2nd period - Stopped by Jake Allen with a rebound.
0:57 of 2nd period - Slapshot by Logan Stanley.
0:57 of 2nd period - Shot Blocked by Ryan Johnson.
0:59 of 2nd period - Wrist shot by Tyler Motte.
0:59 of 2nd period - Stopped by Jake Allen with a rebound.
1:11 of 2nd period - Logan Stanley is hit by Marcus Bjork.
1:51 of 2nd period - Snap shot by Brandon Coe.
1:51 of 2nd period - Shot Hit the Post.
2:13 of 2nd period - Slapshot by Craig Smith.
2:13 of 2nd period - Shot Misses the Net.
2:15 of 2nd period - Wrist shot by Tyler Motte.
2:15 of 2nd period - Stopped by Jake Allen without a rebound.
2:16 of 2nd period - Jujhar Khaira wins face-off versus Jack McBain in Philadelphia Phantoms zone.
2:17 of 2nd period - Snap shot by Craig Smith.
2:17 of 2nd period - Stopped by Jake Allen with a rebound.
2:19 of 2nd period - Wrist shot by Craig Smith.
2:19 of 2nd period - Stopped by Jake Allen without a rebound.
2:20 of 2nd period - Egor Afanasyev wins face-off versus Jujhar Khaira in Philadelphia Phantoms zone.
2:51 of 2nd period - Wrist shot by James Malatesta.
2:51 of 2nd period - Shot Blocked by Kyle Burroughs.
2:53 of 2nd period - Wrist shot by James Malatesta.
2:53 of 2nd period - Deflect By Pontus Holmberg.
2:53 of 2nd period - Stopped by Ilya Samsonov with a rebound.
2:55 of 2nd period - Backhand shot by Pontus Holmberg.
2:55 of 2nd period - Stopped by Ilya Samsonov with a rebound.
2:57 of 2nd period - Snap shot by James Malatesta.
2:57 of 2nd period - Shot Blocked by Jake Walman.
2:59 of 2nd period - Snap shot by Ryan Johnson.
2:59 of 2nd period - Shot Misses the Net.
3:01 of 2nd period - Wrist shot by Luca Del Bel Belluz.
3:01 of 2nd period - Deflect By James Malatesta.
3:01 of 2nd period - Shot Blocked by Eric Robinson.
3:01 of 2nd period - Puck is out of play.
3:02 of 2nd period - Ryan Carpenter wins face-off versus Jack McBain in Rock Island Raccoons zone.
3:09 of 2nd period - Wrist shot by Tye Kartye.
3:09 of 2nd period - Shot Misses the Net.
3:27 of 2nd period - Brandon Duhaime is hit by Craig Smith and loses puck.
3:46 of 2nd period - Snap shot by Luca Del Bel Belluz.
3:46 of 2nd period - Shot Blocked by Matthew Robertson.
3:54 of 2nd period - Martin Chromiak is hit by James Malatesta.
4:04 of 2nd period - Eric Robinson is hit by Tyler Kleven.
4:43 of 2nd period - Icing by Darren Helm.
4:44 of 2nd period - Luca Del Bel Belluz wins face-off versus Ryan Carpenter in Rock Island Raccoons zone.
4:51 of 2nd period - Snap shot by James Malatesta.
4:51 of 2nd period - Shot Blocked by Kyle Burroughs.
4:53 of 2nd period - Wrist shot by James Malatesta.
4:53 of 2nd period - Shot Misses the Net.
4:55 of 2nd period - Wrist shot by Pontus Holmberg.
4:55 of 2nd period - Stopped by Ilya Samsonov with a rebound.
4:57 of 2nd period - Slapshot by Pontus Holmberg.
4:57 of 2nd period - Shot Blocked by Ryan Carpenter.
5:11 of 2nd period - Craig Smith is hit by Jack McBain and loses puck.
5:46 of 2nd period - Jan Mysak is hit by Nick Blankenburg and loses puck.
6:03 of 2nd period - Wrist shot by Juuso Parssinen.
6:03 of 2nd period - Shot Misses the Net.
6:05 of 2nd period - Wrist shot by Egor Afanasyev.
6:05 of 2nd period - Shot Hit the Post.
6:07 of 2nd period - Wrist shot by Juuso Parssinen.
6:07 of 2nd period - Shot Misses the Net.
6:15 of 2nd period - Juuso Parssinen is hit by Erik Gustafsson and loses puck.
6:22 of 2nd period - Slapshot by Erik Gustafsson.
6:22 of 2nd period - Shot Blocked by Louis Crevier.
6:33 of 2nd period - Snap shot by Brandon Coe.
6:33 of 2nd period - Stopped by Jake Allen without a rebound.
6:34 of 2nd period - Jujhar Khaira wins face-off versus Brett Murray in Philadelphia Phantoms zone.
6:42 of 2nd period - Minor Penalty to William Borgen for Boarding.
6:43 of 2nd period - Ryan Carpenter wins face-off versus Jack McBain in Philadelphia Phantoms zone.
7:11 of 2nd period - Jake Walman is hit by Jack McBain and loses puck.
7:22 of 2nd period - Egor Afanasyev is hit by Jujhar Khaira and loses puck.
8:21 of 2nd period - 10 Minutes Misconduct Penalty to Adam Klapka is over.
8:23 of 2nd period - Egor Afanasyev is hit by Tyler Motte and loses puck.
8:42 of 2nd period - Penalty to William Borgen is over, William Borgen is back on ice.
10:24 of 2nd period - Brett Murray is hit by Gustav Lindstrom and loses puck.
11:00 of 2nd period - Icing by James Malatesta.
11:01 of 2nd period - Adam Klapka wins face-off versus Filip Chytil in Philadelphia Phantoms zone.
11:01 of 2nd period - Brandon Duhaime is hit by Logan Stanley and loses puck.
11:13 of 2nd period - Brandon Coe is hit by Brandon Duhaime and loses puck.
11:34 of 2nd period - Icing by Tyler Kleven.
11:35 of 2nd period - Egor Afanasyev wins face-off versus Ryan Carpenter in Philadelphia Phantoms zone.
11:39 of 2nd period - Off-side.
11:40 of 2nd period - Luca Del Bel Belluz wins face-off versus Ryan Carpenter in neutral zone.
11:43 of 2nd period - Snap shot by William Borgen.
11:43 of 2nd period - Stopped by Ilya Samsonov without a rebound.
11:44 of 2nd period - Pontus Holmberg wins face-off versus Ryan Carpenter in Rock Island Raccoons zone.
11:45 of 2nd period - Snap shot by James Malatesta.
11:45 of 2nd period - Deflect By Pontus Holmberg.
11:45 of 2nd period - Stopped by Ilya Samsonov with a rebound.
11:47 of 2nd period - Snap shot by Pontus Holmberg.
11:47 of 2nd period - Shot Misses the Net.
11:49 of 2nd period - Snap shot by Pontus Holmberg.
11:49 of 2nd period - Stopped by Ilya Samsonov without a rebound.
11:50 of 2nd period - Craig Smith wins face-off versus Luca Del Bel Belluz in Rock Island Raccoons zone.
12:07 of 2nd period - Wrist shot by Pontus Holmberg.
12:07 of 2nd period - Stopped by Ilya Samsonov with a rebound.
12:09 of 2nd period - Backhand shot by William Borgen.
12:09 of 2nd period - Stopped by Ilya Samsonov with a rebound.
12:11 of 2nd period - Slapshot by William Borgen.
12:11 of 2nd period - Deflect By Luca Del Bel Belluz.
12:11 of 2nd period - Stopped by Ilya Samsonov with a rebound.
12:13 of 2nd period - Snap shot by William Borgen.
12:13 of 2nd period - Shot Misses the Net.
12:15 of 2nd period - Slapshot by Nick Blankenburg.
12:15 of 2nd period - Shot Misses the Net.
12:17 of 2nd period - Wrist shot by Luca Del Bel Belluz.
12:17 of 2nd period - Goal by Luca Del Bel Belluz - Philadelphia Phantoms : 2 - Rock Island Raccoons : 2.
12:18 of 2nd period - Ryan Carpenter wins face-off versus Jack McBain in neutral zone.
12:25 of 2nd period - Wrist shot by Jack McBain.
12:25 of 2nd period - Shot Blocked by Kyle Burroughs.
13:52 of 2nd period - Wrist shot by Ryan Carpenter.
13:52 of 2nd period - Shot Blocked by Nick Blankenburg.
14:02 of 2nd period - Slapshot by William Borgen.
14:02 of 2nd period - Shot Misses the Net.
14:12 of 2nd period - Wrist shot by Jujhar Khaira.
14:12 of 2nd period - Stopped by Jake Allen with a rebound.
14:14 of 2nd period - Snap shot by Tyler Motte.
14:14 of 2nd period - Shot Misses the Net.
14:16 of 2nd period - Slapshot by Gustav Lindstrom.
14:16 of 2nd period - Stopped by Jake Allen with a rebound.
14:18 of 2nd period - Snap shot by Tyler Motte.
14:18 of 2nd period - Deflect By Louis Crevier.
14:18 of 2nd period - Stopped by Jake Allen with a rebound.
14:20 of 2nd period - Slapshot by Tyler Motte.
14:20 of 2nd period - Deflect By Jujhar Khaira.
14:20 of 2nd period - Shot Misses the Net.
14:20 of 2nd period - Puck is out of play.
14:21 of 2nd period - Karl Henriksson wins face-off versus Tye Kartye in Philadelphia Phantoms zone.
14:27 of 2nd period - Off-side.
14:28 of 2nd period - Jack McBain wins face-off versus Karl Henriksson in neutral zone.
14:35 of 2nd period - Slapshot by Jack McBain.
14:35 of 2nd period - Shot Blocked by Logan Stanley.
14:37 of 2nd period - Slapshot by Marcus Bjork.
14:37 of 2nd period - Shot Blocked by Logan Stanley.
14:39 of 2nd period - Slapshot by Marcus Bjork.
14:39 of 2nd period - Deflect By Jack McBain.
14:39 of 2nd period - Stopped by Ilya Samsonov with a rebound.
14:41 of 2nd period - Wrist shot by Brett Murray.
14:41 of 2nd period - Stopped by Ilya Samsonov without a rebound.
14:42 of 2nd period - Adam Klapka wins face-off versus Jujhar Khaira in Rock Island Raccoons zone.
14:45 of 2nd period - Slapshot by Brandon Duhaime.
14:45 of 2nd period - Shot Misses the Net.
14:47 of 2nd period - Wrist shot by Brandon Duhaime.
14:47 of 2nd period - Stopped by Ilya Samsonov with a rebound.
15:07 of 2nd period - Jack McBain is hit by Ryan Carpenter and loses puck.
15:15 of 2nd period - Off-side.
15:16 of 2nd period - Luca Del Bel Belluz wins face-off versus Ryan Carpenter in neutral zone.
15:23 of 2nd period - Snap shot by Pontus Holmberg.
15:23 of 2nd period - Deflect By Luca Del Bel Belluz.
15:23 of 2nd period - Stopped by Ilya Samsonov with a rebound.
17:05 of 2nd period - Minor Penalty to Jack McBain for Tripping.
17:06 of 2nd period - Egor Afanasyev wins face-off versus Ryan Carpenter in Philadelphia Phantoms zone.
17:12 of 2nd period - Off-side.
17:13 of 2nd period - Ryan Carpenter wins face-off versus Egor Afanasyev in neutral zone.
17:30 of 2nd period - Marcus Bjork is hit by Darren Helm and loses puck.
17:35 of 2nd period - Wrist shot by Ryan Carpenter.
17:35 of 2nd period - Shot Blocked by Marcus Bjork.
17:39 of 2nd period - Snap shot by Ryan Carpenter.
17:39 of 2nd period - Shot Misses the Net.
17:45 of 2nd period - Snap shot by Phillip Di Giuseppe.
17:45 of 2nd period - Deflect By Ryan Carpenter.
17:45 of 2nd period - Shot Blocked by Egor Afanasyev.
17:45 of 2nd period - Puck is out of play.
17:46 of 2nd period - Adam Klapka wins face-off versus Jujhar Khaira in Philadelphia Phantoms zone.
19:05 of 2nd period - Penalty to Jack McBain is over, Jack McBain is back on ice.
19:12 of 2nd period - Wrist shot by Tye Kartye.
19:12 of 2nd period - Stopped by Ilya Samsonov without a rebound.
19:13 of 2nd period - Karl Henriksson wins face-off versus Jack McBain in Rock Island Raccoons zone.
19:13 of 2nd period - Karl Henriksson is hit by Brett Murray.
19:39 of 2nd period - Snap shot by Jaret Anderson-Dolan.
19:39 of 2nd period - Shot Misses the Net.
19:49 of 2nd period - Snap shot by Eric Robinson.
19:49 of 2nd period - Stopped by Jake Allen with a rebound.
19:51 of 2nd period - Wrist shot by Karl Henriksson.
19:51 of 2nd period - Shot Blocked by Adam Klapka.
Goals for this period are 1 for Philadelphia Phantoms vs 0 for Rock Island Raccoons.
Shots for this period are 17 for Philadelphia Phantoms vs 11 for Rock Island Raccoons.
3rd period
0:01 of 3rd period - Jujhar Khaira wins face-off versus Jack McBain in neutral zone.
0:16 of 3rd period - Wrist shot by Jack McBain.
0:16 of 3rd period - Stopped by Ilya Samsonov without a rebound.
0:17 of 3rd period - Ryan Carpenter wins face-off versus Luca Del Bel Belluz in Rock Island Raccoons zone.
0:17 of 3rd period - Ryan Carpenter is hit by Pontus Holmberg.
0:23 of 3rd period - James Malatesta is hit by Darren Helm and loses puck.
0:53 of 3rd period - Wrist shot by Craig Smith.
0:53 of 3rd period - Goal by Craig Smith - Philadelphia Phantoms : 2 - Rock Island Raccoons : 3.
0:54 of 3rd period - Luca Del Bel Belluz wins face-off versus Ryan Carpenter in neutral zone.
0:57 of 3rd period - Slapshot by Marcus Bjork.
0:57 of 3rd period - Deflect By James Malatesta.
0:57 of 3rd period - Stopped by Ilya Samsonov with a rebound.
0:59 of 3rd period - Wrist shot by Ryan Johnson.
0:59 of 3rd period - Shot Blocked by Jake Walman.
1:01 of 3rd period - Wrist shot by Luca Del Bel Belluz.
1:01 of 3rd period - Deflect By James Malatesta.
1:01 of 3rd period - Stopped by Ilya Samsonov with a rebound.
1:03 of 3rd period - Slapshot by Marcus Bjork.
1:03 of 3rd period - Shot Blocked by Kyle Burroughs.
1:05 of 3rd period - Snap shot by James Malatesta.
1:05 of 3rd period - Stopped by Ilya Samsonov with a rebound.
1:07 of 3rd period - Slapshot by Ryan Johnson.
1:07 of 3rd period - Stopped by Ilya Samsonov with a rebound.
1:09 of 3rd period - Slapshot by Ryan Johnson.
1:09 of 3rd period - Stopped by Ilya Samsonov with a rebound.
1:19 of 3rd period - Adam Klapka is hit by Tyler Motte and loses puck.
1:26 of 3rd period - Wrist shot by Tyler Motte.
1:26 of 3rd period - Stopped by Jake Allen without a rebound.
1:27 of 3rd period - Jujhar Khaira wins face-off versus Egor Afanasyev in Philadelphia Phantoms zone.
1:29 of 3rd period - Minor Penalty to Egor Afanasyev for Roughing.
1:30 of 3rd period - Jack McBain wins face-off versus Ryan Carpenter in Philadelphia Phantoms zone.
2:09 of 3rd period - Slapshot by Tyler Motte.
2:09 of 3rd period - Shot Blocked by Nick Blankenburg.
2:11 of 3rd period - Wrist shot by Craig Smith.
2:11 of 3rd period - Shot Misses the Net.
2:13 of 3rd period - Wrist shot by Tyler Motte.
2:13 of 3rd period - Shot Misses the Net.
3:04 of 3rd period - Icing by Craig Smith.
3:05 of 3rd period - Adam Klapka wins face-off versus Tyler Motte in Rock Island Raccoons zone.
3:29 of 3rd period - Penalty to Egor Afanasyev is over, Egor Afanasyev is back on ice.
3:46 of 3rd period - Backhand shot by Filip Chytil.
3:46 of 3rd period - Stopped by Jake Allen with a rebound.
3:48 of 3rd period - Wrist shot by Brandon Coe.
3:48 of 3rd period - Shot Misses the Net.
3:50 of 3rd period - Slapshot by Gustav Lindstrom.
3:50 of 3rd period - Shot Blocked by Egor Afanasyev.
3:52 of 3rd period - Slapshot by Gustav Lindstrom.
3:52 of 3rd period - Deflect By William Borgen.
3:52 of 3rd period - Stopped by Jake Allen without a rebound.
3:53 of 3rd period - Karl Henriksson wins face-off versus Tye Kartye in Philadelphia Phantoms zone.
4:02 of 3rd period - Snap shot by Martin Chromiak.
4:02 of 3rd period - Stopped by Jake Allen with a rebound.
4:04 of 3rd period - Snap shot by Karl Henriksson.
4:04 of 3rd period - Stopped by Jake Allen without a rebound.
4:05 of 3rd period - Darren Helm wins face-off versus Egor Afanasyev in Philadelphia Phantoms zone.
4:12 of 3rd period - Snap shot by Egor Afanasyev.
4:12 of 3rd period - Shot Misses the Net.
4:30 of 3rd period - Logan Stanley is hit by Brett Murray.
4:40 of 3rd period - Darren Helm is hit by Tye Kartye and loses puck.
4:47 of 3rd period - Backhand shot by Darren Helm.
4:47 of 3rd period - Shot Blocked by William Borgen.
4:49 of 3rd period - Slapshot by Logan Stanley.
4:49 of 3rd period - Stopped by Jake Allen with a rebound.
4:51 of 3rd period - Snap shot by Darren Helm.
4:51 of 3rd period - Stopped by Jake Allen with a rebound.
4:53 of 3rd period - Slapshot by Logan Stanley.
4:53 of 3rd period - Shot Misses the Net.
4:55 of 3rd period - Wrist shot by Ryan Carpenter.
4:55 of 3rd period - Stopped by Jake Allen with a rebound.
4:57 of 3rd period - Slapshot by Logan Stanley.
4:57 of 3rd period - Deflect By James Malatesta.
4:57 of 3rd period - Stopped by Jake Allen without a rebound.
4:58 of 3rd period - Jujhar Khaira wins face-off versus Adam Klapka in Philadelphia Phantoms zone.
5:36 of 3rd period - Snap shot by Juuso Parssinen.
5:36 of 3rd period - Stopped by Ilya Samsonov without a rebound.
5:37 of 3rd period - Filip Chytil wins face-off versus Luca Del Bel Belluz in Rock Island Raccoons zone.
5:44 of 3rd period - James Malatesta is hit by Filip Chytil and loses puck.
6:35 of 3rd period - Snap shot by Ryan Carpenter.
6:35 of 3rd period - Shot Blocked by Brandon Duhaime.
6:55 of 3rd period - Snap shot by Tye Kartye.
6:55 of 3rd period - Shot Blocked by Logan Stanley.
7:07 of 3rd period - Wrist shot by James Malatesta.
7:07 of 3rd period - Shot Misses the Net.
7:09 of 3rd period - Slapshot by William Borgen.
7:09 of 3rd period - Deflect By James Malatesta.
7:09 of 3rd period - Stopped by Ilya Samsonov without a rebound.
7:10 of 3rd period - Egor Afanasyev wins face-off versus Filip Chytil in Rock Island Raccoons zone.
7:15 of 3rd period - Snap shot by Egor Afanasyev.
7:15 of 3rd period - Stopped by Ilya Samsonov with a rebound.
7:33 of 3rd period - Snap shot by Jake Walman.
7:33 of 3rd period - Stopped by Jake Allen without a rebound.
7:34 of 3rd period - Adam Klapka wins face-off versus Jujhar Khaira in Philadelphia Phantoms zone.
7:47 of 3rd period - Wrist shot by Brandon Duhaime.
7:47 of 3rd period - Shot Blocked by Jujhar Khaira.
7:49 of 3rd period - Minor Penalty to Craig Smith for High sticking.
7:50 of 3rd period - Martin Chromiak wins face-off versus Juuso Parssinen in Rock Island Raccoons zone.
8:03 of 3rd period - Wrist shot by Alex Steeves.
8:03 of 3rd period - Shot Blocked by Jake Walman.
9:49 of 3rd period - Penalty to Craig Smith is over, Craig Smith is back on ice.
9:56 of 3rd period - Slapshot by Erik Gustafsson.
9:56 of 3rd period - Stopped by Jake Allen without a rebound.
9:57 of 3rd period - Jan Mysak wins face-off versus Adam Klapka in Philadelphia Phantoms zone.
10:14 of 3rd period - Adam Klapka is hit by Filip Chytil and loses puck.
10:41 of 3rd period - Tyler Kleven is hit by Jan Mysak and loses puck.
10:51 of 3rd period - Wrist shot by Jaret Anderson-Dolan.
10:51 of 3rd period - Shot Blocked by Jake Walman.
10:53 of 3rd period - Snap shot by Nick Blankenburg.
10:53 of 3rd period - Deflect By Adam Klapka.
10:53 of 3rd period - Shot Misses the Net.
10:53 of 3rd period - Puck is out of play.
10:54 of 3rd period - Luca Del Bel Belluz wins face-off versus Jujhar Khaira in Rock Island Raccoons zone.
10:55 of 3rd period - Snap shot by James Malatesta.
10:55 of 3rd period - Stopped by Ilya Samsonov with a rebound.
11:05 of 3rd period - Slapshot by Erik Gustafsson.
11:05 of 3rd period - Stopped by Jake Allen without a rebound.
11:06 of 3rd period - Ryan Carpenter wins face-off versus Luca Del Bel Belluz in Philadelphia Phantoms zone.
11:21 of 3rd period - Snap shot by Ryan Carpenter.
11:21 of 3rd period - Deflect By Marcus Bjork.
11:21 of 3rd period - Shot Misses the Net.
11:21 of 3rd period - Puck is out of play.
11:22 of 3rd period - Egor Afanasyev wins face-off versus Jujhar Khaira in Philadelphia Phantoms zone.
11:26 of 3rd period - Icing by Alex Steeves.
11:27 of 3rd period - Egor Afanasyev wins face-off versus Jujhar Khaira in Philadelphia Phantoms zone.
11:36 of 3rd period - Snap shot by Alex Steeves.
11:36 of 3rd period - Stopped by Ilya Samsonov with a rebound.
11:38 of 3rd period - Snap shot by Marcus Bjork.
11:38 of 3rd period - Deflect By Juuso Parssinen.
11:38 of 3rd period - Stopped by Ilya Samsonov with a rebound.
11:40 of 3rd period - Snap shot by Alex Steeves.
11:40 of 3rd period - Shot Misses the Net.
11:42 of 3rd period - Snap shot by Alex Steeves.
11:42 of 3rd period - Shot Misses the Net.
12:10 of 3rd period - Icing by Ryan Carpenter.
12:11 of 3rd period - Luca Del Bel Belluz wins face-off versus Ryan Carpenter in Rock Island Raccoons zone.
12:35 of 3rd period - Filip Chytil beats up Pontus Holmberg.
12:35 of 3rd period - Penalty to Filip Chytil for Fighting.
12:35 of 3rd period - Penalty to Pontus Holmberg for Fighting.
12:36 of 3rd period - Egor Afanasyev wins face-off versus Jujhar Khaira in Philadelphia Phantoms zone.
12:44 of 3rd period - Wrist shot by Tyler Motte.
12:44 of 3rd period - Stopped by Jake Allen with a rebound.
12:46 of 3rd period - Slapshot by Kyle Burroughs.
12:46 of 3rd period - Stopped by Jake Allen with a rebound.
12:48 of 3rd period - Slapshot by Tyler Motte.
12:48 of 3rd period - Shot Blocked by Alex Steeves.
12:50 of 3rd period - Snap shot by Jujhar Khaira.
12:50 of 3rd period - Stopped by Jake Allen with a rebound.
12:52 of 3rd period - Wrist shot by Jujhar Khaira.
12:52 of 3rd period - Deflect By Tyler Motte.
12:52 of 3rd period - Goal by Tyler Motte - Philadelphia Phantoms : 2 - Rock Island Raccoons : 4.
12:53 of 3rd period - Jack McBain wins face-off versus Ryan Carpenter in neutral zone.
12:53 of 3rd period - Darren Helm and Marcus Bjork fight to a draw.
12:53 of 3rd period - Penalty to Darren Helm for Fighting.
12:53 of 3rd period - Penalty to Marcus Bjork for Fighting.
12:54 of 3rd period - Ryan Carpenter wins face-off versus Jack McBain in neutral zone.
12:56 of 3rd period - Off-side.
12:57 of 3rd period - Ryan Carpenter wins face-off versus Jack McBain in neutral zone.
13:03 of 3rd period - Ryan Carpenter and Tyler Kleven fight to a draw.
13:03 of 3rd period - Penalty to Ryan Carpenter for Fighting.
13:03 of 3rd period - Penalty to Tyler Kleven for Fighting.
13:04 of 3rd period - Karl Henriksson wins face-off versus Jack McBain in neutral zone.
13:07 of 3rd period - Wrist shot by Martin Chromiak.
13:07 of 3rd period - Stopped by Jake Allen without a rebound.
13:08 of 3rd period - Karl Henriksson wins face-off versus Jack McBain in Philadelphia Phantoms zone.
13:09 of 3rd period - Snap shot by Eric Robinson.
13:09 of 3rd period - Shot Blocked by Tye Kartye.
13:11 of 3rd period - Slapshot by Jake Walman.
13:11 of 3rd period - Deflect By Karl Henriksson.
13:11 of 3rd period - Shot Misses the Net.
13:11 of 3rd period - Puck is out of play.
13:12 of 3rd period - Karl Henriksson wins face-off versus Jack McBain in Philadelphia Phantoms zone.
13:19 of 3rd period - Slapshot by Kyle Burroughs.
13:19 of 3rd period - Stopped by Jake Allen without a rebound.
13:20 of 3rd period - Eric Robinson wins face-off versus Egor Afanasyev in Philadelphia Phantoms zone.
13:31 of 3rd period - Wrist shot by Eric Robinson.
13:31 of 3rd period - Shot Misses the Net.
13:36 of 3rd period - Alex Steeves is hit by Eric Robinson and loses puck.
13:47 of 3rd period - Kyle Burroughs is hit by Jaret Anderson-Dolan and loses puck.
14:11 of 3rd period - Jan Mysak is hit by Louis Crevier and loses puck.
14:34 of 3rd period - Wrist shot by Tye Kartye.
14:34 of 3rd period - Stopped by Ilya Samsonov without a rebound.
14:35 of 3rd period - Jujhar Khaira wins face-off versus Jack McBain in Rock Island Raccoons zone.
14:35 of 3rd period - Jujhar Khaira is hit by Brett Murray.
14:43 of 3rd period - Tye Kartye is hit by Jujhar Khaira and loses puck.
15:06 of 3rd period - Wrist shot by Egor Afanasyev.
15:06 of 3rd period - Stopped by Ilya Samsonov with a rebound.
15:08 of 3rd period - Snap shot by Nick Blankenburg.
15:08 of 3rd period - Stopped by Ilya Samsonov with a rebound.
15:26 of 3rd period - Snap shot by Jaret Anderson-Dolan.
15:26 of 3rd period - Stopped by Ilya Samsonov with a rebound.
15:28 of 3rd period - Slapshot by Brandon Duhaime.
15:28 of 3rd period - Shot Misses the Net.
15:30 of 3rd period - Snap shot by Jaret Anderson-Dolan.
15:30 of 3rd period - Shot Blocked by Matthew Robertson.
15:32 of 3rd period - Snap shot by William Borgen.
15:32 of 3rd period - Shot Blocked by Logan Stanley.
15:34 of 3rd period - Wrist shot by Jaret Anderson-Dolan.
15:34 of 3rd period - Goal by Jaret Anderson-Dolan - Philadelphia Phantoms : 3 - Rock Island Raccoons : 4.
15:35 of 3rd period - Jujhar Khaira wins face-off versus Luca Del Bel Belluz in neutral zone.
16:07 of 3rd period - Slapshot by Adam Klapka.
16:07 of 3rd period - Stopped by Ilya Samsonov without a rebound.
16:08 of 3rd period - Adam Klapka wins face-off versus Jujhar Khaira in Rock Island Raccoons zone.
16:09 of 3rd period - Slapshot by Jaret Anderson-Dolan.
16:09 of 3rd period - Stopped by Ilya Samsonov without a rebound.
16:10 of 3rd period - Jujhar Khaira wins face-off versus Adam Klapka in Rock Island Raccoons zone.
16:19 of 3rd period - Wrist shot by Brandon Duhaime.
16:19 of 3rd period - Stopped by Ilya Samsonov with a rebound.
17:01 of 3rd period - Ryan Johnson is hit by Jake Walman and loses puck.
17:10 of 3rd period - Backhand shot by Louis Crevier.
17:10 of 3rd period - Stopped by Ilya Samsonov with a rebound.
17:38 of 3rd period - Backhand shot by Tyler Motte.
17:38 of 3rd period - Stopped by Jake Allen without a rebound.
17:39 of 3rd period - Luca Del Bel Belluz wins face-off versus Karl Henriksson in Philadelphia Phantoms zone.
17:44 of 3rd period - Eric Robinson is hit by William Borgen and loses puck.
19:00 of 3rd period - Philadelphia Phantoms, Jake Allen is pulled from the net.
19:10 of 3rd period - Slapshot by Ryan Carpenter.
19:10 of 3rd period - Shot Misses the Net.
19:37 of 3rd period - Backhand shot by Erik Gustafsson.
19:37 of 3rd period - Shot Misses the Net.
19:53 of 3rd period - Slapshot by Egor Afanasyev.
19:53 of 3rd period - Stopped by Ilya Samsonov with a rebound.
19:55 of 3rd period - Slapshot by Marcus Bjork.
19:55 of 3rd period - Stopped by Ilya Samsonov with a rebound.
19:57 of 3rd period - Wrist shot by Nick Blankenburg.
19:57 of 3rd period - Goal by Nick Blankenburg - Philadelphia Phantoms : 4 - Rock Island Raccoons : 4.
19:57 of 3rd period - Jake Allen from Philadelphia Phantoms was sent back in the game.
19:58 of 3rd period - Ryan Carpenter wins face-off versus Pontus Holmberg in neutral zone.
Goals for this period are 2 for Philadelphia Phantoms vs 2 for Rock Island Raccoons.
Shots for this period are 24 for Philadelphia Phantoms vs 20 for Rock Island Raccoons.
Overtime #1
0:01 of 1st overtime period - Craig Smith wins face-off versus Egor Afanasyev in neutral zone.
0:12 of 1st overtime period - Slapshot by Juuso Parssinen.
0:12 of 1st overtime period - Shot Misses the Net.
0:14 of 1st overtime period - Slapshot by Nick Blankenburg.
0:14 of 1st overtime period - Stopped by Ilya Samsonov with a rebound.
0:16 of 1st overtime period - Wrist shot by Juuso Parssinen.
0:16 of 1st overtime period - Stopped by Ilya Samsonov without a rebound.
0:17 of 1st overtime period - Jack McBain wins face-off versus Jujhar Khaira in Rock Island Raccoons zone.
0:26 of 1st overtime period - Wrist shot by Tye Kartye.
0:26 of 1st overtime period - Stopped by Ilya Samsonov without a rebound.
0:27 of 1st overtime period - Jujhar Khaira wins face-off versus Jack McBain in Rock Island Raccoons zone.
0:40 of 1st overtime period - Snap shot by Tye Kartye.
0:40 of 1st overtime period - Shot Hit the Post.
0:50 of 1st overtime period - Slapshot by Jujhar Khaira.
0:50 of 1st overtime period - Shot Blocked by Jack McBain.
0:52 of 1st overtime period - Slapshot by Gustav Lindstrom.
0:52 of 1st overtime period - Deflect By Ryan Carpenter.
0:52 of 1st overtime period - Shot Misses the Net.
0:52 of 1st overtime period - Puck is out of play.
0:53 of 1st overtime period - Egor Afanasyev wins face-off versus Craig Smith in Philadelphia Phantoms zone.
1:21 of 1st overtime period - Wrist shot by Jack McBain.
1:21 of 1st overtime period - Shot Misses the Net.
2:27 of 1st overtime period - Tyler Motte is hit by William Borgen and loses puck.
Goals for this period are 0 for Philadelphia Phantoms vs 0 for Rock Island Raccoons.
Shots for this period are 3 for Philadelphia Phantoms vs 0 for Rock Island Raccoons.
ShootOut
5:00 of 1st overtime period - Round #1.
5:00 of 1st overtime period - Philadelphia Phantoms, Egor Afanasyev.
5:00 of 1st overtime period - Snap shot by Egor Afanasyev.
5:00 of 1st overtime period - Goal by Egor Afanasyev.
5:00 of 1st overtime period - Rock Island Raccoons, Craig Smith.
5:00 of 1st overtime period - Snap shot by Craig Smith.
5:00 of 1st overtime period - Shot Hit the Post.
5:00 of 1st overtime period - Round #2.
5:00 of 1st overtime period - Philadelphia Phantoms, Alex Steeves.
5:00 of 1st overtime period - Wrist shot by Alex Steeves.
5:00 of 1st overtime period - Shot Misses the Net.
5:00 of 1st overtime period - Rock Island Raccoons, Tyler Motte.
5:00 of 1st overtime period - Deke by Tyler Motte.
5:00 of 1st overtime period - Stopped by Jake Allen.
5:00 of 1st overtime period - Round #3.
5:00 of 1st overtime period - Philadelphia Phantoms, Juuso Parssinen.
5:00 of 1st overtime period - Wrist shot by Juuso Parssinen.
5:00 of 1st overtime period - Stopped by Ilya Samsonov.
5:00 of 1st overtime period - Rock Island Raccoons, Jujhar Khaira.
5:00 of 1st overtime period - Snap shot by Jujhar Khaira.
5:00 of 1st overtime period - Goal by Jujhar Khaira.
5:00 of 1st overtime period - Round #4.
5:00 of 1st overtime period - Philadelphia Phantoms, Brett Murray.
5:00 of 1st overtime period - Deke by Brett Murray.
5:00 of 1st overtime period - Shot Misses the Net.
5:00 of 1st overtime period - Rock Island Raccoons, Ryan Carpenter.
5:00 of 1st overtime period - Wrist shot by Ryan Carpenter.
5:00 of 1st overtime period - Stopped by Jake Allen.
5:00 of 1st overtime period - Round #5.
5:00 of 1st overtime period - Philadelphia Phantoms, Luca Del Bel Belluz.
5:00 of 1st overtime period - Deke by Luca Del Bel Belluz.
5:00 of 1st overtime period - Stopped by Ilya Samsonov.
5:00 of 1st overtime period - Rock Island Raccoons, Phillip Di Giuseppe.
5:00 of 1st overtime period - Snap shot by Phillip Di Giuseppe.
5:00 of 1st overtime period - Stopped by Jake Allen.
5:00 of 1st overtime period - Round #6.
5:00 of 1st overtime period - Philadelphia Phantoms, Adam Klapka.
5:00 of 1st overtime period - Wrist shot by Adam Klapka.
5:00 of 1st overtime period - Stopped by Ilya Samsonov.
5:00 of 1st overtime period - Rock Island Raccoons, Erik Gustafsson.
5:00 of 1st overtime period - Snap shot by Erik Gustafsson.
5:00 of 1st overtime period - Stopped by Jake Allen.
5:00 of 1st overtime period - Round #7.
5:00 of 1st overtime period - Philadelphia Phantoms, Marcus Bjork.
5:00 of 1st overtime period - Snap shot by Marcus Bjork.
5:00 of 1st overtime period - Stopped by Ilya Samsonov.
5:00 of 1st overtime period - Rock Island Raccoons, Darren Helm.
5:00 of 1st overtime period - Snap shot by Darren Helm.
5:00 of 1st overtime period - Goal by Darren Helm.
Back to the Top